← All builds
Suicide front / Cortex / Economy first / OBSERVED BUILD

Standard suicide front

Cortex Suicide front build order · Supreme Isthmus

The role's baseline economy-first play: fast Bot Lab, early Advanced Metal Extractor, and a Thug/Grunt/Aggravator mix pushed to hold the middle while teching up.

#raid #push · 1059 distinct matches · 187 players · 73% of Cortex Suicide front games · team won 57% of 1129 · Recently observed

HOW TO PLAY IT

Key timing: Bot Lab by 0:39

  1. Open 3 mex, then rush Bot Lab almost immediately.
  2. Finish Bot Lab and start pushing Thug, Grunt, Aggravator.
  3. Send units straight to middle to contest and stop leaks.
  4. Eat the Bot Lab for metal if 32% of games reach that point.
  5. Transition into Advanced Metal Extractor once middle is stable.

Phase by phase

TYPICAL OF ITS 1059 GAMES
  1. 1
  2. 2
  3. 3
PLAY THE OPENING

Follow the example game's first 6:00 step by step: what to build now, what comes next, and where it goes. At 1× it keeps pace with your own game.

  1. 1

    Up to the Bot Lab

    Economy
    • Metal Extractor2Mex
    Order
    1. Bot LabBot Lab after 2 mexdone ~0:36, middle half 0:27–0:45

    By 0:21 in all: 2 mex

    The example game in this phase · 1 step
    1. Bot LabBot Labdone 0:20 · typical 0:36
  2. 2

    Bot Lab to 5:00

    Economy
    • Metal Extractor3Mex
    • Wind Turbine2Wind
    Builders
    • Graverobber4 Graverobber
    • Construction Bot3 Con bot
    Army
    • Guard3 Guard
    • Thug16 Thug
    • Grunt3 Grunt
    Other
    • Radar Tower1 Radar Tower

    Some games also: aggravator (38%) · con turret (31%)

    By 5:00 in all: 5 mex · 3 wind

    The example game in this phase · 26 steps
    1. Mex
    2. Construction BotCon bot
    3. GuardGuard
    4. Wind ×3
    5. Construction BotCon bot
    6. Wind
    7. Mex
    8. GraverobberGraverobber
    9. Mex
    10. GruntGrunt ×5
    11. Mex
    12. GraverobberGraverobber ×2
    13. GruntGrunt ×5
    14. Mex
    15. Construction BotCon bot
    16. ThugThug
    17. GuardGuard
    18. ThugThug ×4
    19. Construction BotCon bot
    20. ThugThug ×5
    21. Construction BotCon bot
    22. ThugThug ×3
    23. GraverobberGraverobber ×3
    24. ThugThug
    25. Radar TowerRadar Tower
    26. ThugThug ×2
  3. 3

    5:00 to 10:00

    Economy
    • Metal Extractor1Mex
    • Wind Turbine12Wind
    Builders
    • Construction Turret1 Con turret
    • Graverobber3 Graverobber
    • Construction Bot1 Con bot
    Army
    • Guard1 Guard
    • Thug11 Thug
    • Grunt1 Grunt

    Some games also: aggravator (42%) · Radar Tower (39%) · energy storage (37%) · Twin Guard (31%)

    By 10:00 in all: 6 mex · 16 wind · 2 con turret

    The example game in this phase · 86 steps
    1. Construction BotCon bot
    2. Wind
    3. ThugThug
    4. Converter
    5. CastroCastro
    6. ThugThug ×2
    7. Wind
    8. ThugThug
    9. AggravatorAggravator
    10. Wind
    11. WardenWarden
    12. AggravatorAggravator
    13. Converter
    14. AggravatorAggravator
    15. Wind
    16. AggravatorAggravator
    17. Wind ×2
    18. AggravatorAggravator
    19. Wind
    20. AggravatorAggravator
    21. Wind
    22. AggravatorAggravator ×2
    23. Wind
    24. AggravatorAggravator
    25. CastroCastro
    26. Converter
    27. AggravatorAggravator
    28. Wind
    29. AggravatorAggravator ×2
    30. Wind
    31. AggravatorAggravator
    32. Converter
    33. AggravatorAggravator ×2
    34. CastroCastro
    35. Wind
    36. AggravatorAggravator ×2
    37. Wind
    38. AggravatorAggravator
    39. CastroCastro
    40. Wind
    41. AggravatorAggravator ×2
    42. Wind
    43. AggravatorAggravator
    44. Wind
    45. AggravatorAggravator ×2
    46. Wind
    47. Converter
    48. AggravatorAggravator ×2
    49. CastroCastro
    50. AggravatorAggravator
    51. Wind
    52. GruntGrunt ×2
    53. Wind
    54. GruntGrunt ×2
    55. Converter
    56. GruntGrunt ×3
    57. Wind
    58. GruntGrunt
    59. Advanced Metal ExtractorT2 mexdone 12:28 · typical 10:00
    60. GruntGrunt
    61. Wind
    62. GruntGrunt ×3
    63. Wind
    64. Energy storage
    65. GruntGrunt
    66. Wind
    67. Energy storage
    68. GruntGrunt
    69. Wind
    70. Mex
    71. Wind
    72. GuardGuard ×2
    73. Converter
    74. GuardGuard
    75. Advanced Metal ExtractorT2 mex
    76. Wind
    77. Mex
    78. CastroCastro
    79. Wind
    80. Converter
    81. Mex
    82. Advanced Metal ExtractorT2 mex
    83. CastroCastro
    84. Wind ×6
    85. Converter
    86. Wind

Counts are medians over the build's games: half of them build more, half fewer. The example game is PrivatePershing's (33 OS, 18/09/2026); pick another.

Team trades

IN AT LEAST 30% OF ITS GAMES

You hand over

Nothing regular.

You get

  • Tidal Generator4 Tidal from Pondfirst at 0:11 · in 69% of games
  • Advanced Construction Bot1 T2 con bot from Geo or Techfirst at 7:46 · in 55% of games

How it plays out

Typical game of this build, running totals by minute

Metal produced

010k20k
0:005:0010:0015:00

metal

Enemy metal destroyed

05k10k
0:005:0010:0015:00

metal

Own metal lost

05k10k
0:005:0010:0015:00

metal

1129 games.

Show as table
ByMetal produced: This buildEnemy metal destroyed: This buildOwn metal lost: This build
1:0033000
2:0094400
3:002036216173
4:003125733632
5:00428115421394
6:00547425052331
7:00664936373310
8:00782945654355
9:00894453015270
10:001021360176154
11:001158865676915
12:001316370367714
13:001475877548382
14:001637283518916
15:001774489709568
WHAT THE NUMBERS SAY

This baseline wins more often than most other roles' standard builds, with early aggression showing in high kills and losses alike.

  • + Team wins 54% of games, best winrate among the roles shown.
  • + First kill lands very early at 2:07 in all games.
  • − Own metal lost is heavy early, 1439 by 5:00.
  • − Enemy destroyed stays close to own losses through 15:00, a costly front.
THE EXAMPLE YOU ARE READING

PrivatePershing

33.0 OS · 18/09/2026

Open source match ↗

8 received units · includes a constructor
47 metal received · 27440 energy received

Allied construction assistance is unknown. Timings are observations, not a promise of solo reproducibility.

Typical milestones

Bot Lab0:36Middle 50%: 0:27–0:45 · n=1123
Advanced Metal Extractor10:00Middle 50%: 9:00–11:14 · n=703

Played most by

XXMACGAMERXX134games of this build_Hawkey_70games of this build_X_61games of this buildrealisticjo53games of this buildAbyssFalcon48games of this build

Supporting games

Pick a game to read and play it above.

AbyssFalcon14/10/2026 · 35 OS↗JustSomeGuy14/10/2026 · 43 OS↗_Hawkey_14/10/2026 · 65 OS↗Ling_long14/10/2026 · 41 OS↗XXMACGAMERXX14/10/2026 · 41 OS↗XXMACGAMERXX14/10/2026 · 42 OS↗_Hawkey_14/10/2026 · 65 OS↗XXMACGAMERXX14/10/2026 · 42 OS↗PrivatePershing18/09/2026 · 33 OS↗
32 more of 1121, the most recentXXMACGAMERXX14/10/2026 · 42 OS↗_Hawkey_14/10/2026 · 65 OS↗XXMACGAMERXX14/10/2026 · 42 OS↗Private_Gator13/10/2026 · 30 OS↗hox213/10/2026 · 32 OS↗hox213/10/2026 · 32 OS↗Thors_Hammer13/10/2026 · 31 OS↗AinzIsHere13/10/2026 · 39 OS↗AinzIsHere13/10/2026 · 39 OS↗_Hawkey_13/10/2026 · 65 OS↗I_pawngame_u13/10/2026 · 37 OS↗Lexosis13/10/2026 · 37 OS↗AinzIsHere13/10/2026 · 42 OS↗_Hawkey_13/10/2026 · 65 OS↗Rexalidus13/10/2026 · 35 OS↗Rexalidus13/10/2026 · 35 OS↗XXMACGAMERXX13/10/2026 · 40 OS↗XXMACGAMERXX13/10/2026 · 40 OS↗gmansawesome13/10/2026 · 33 OS↗[Cookie]CottonBuds13/10/2026 · 30 OS↗Fullchord13/10/2026 · 33 OS↗Vaticineur13/10/2026 · 32 OS↗DontStreamSnipeMeBro13/10/2026 · 30 OS↗FrontLiner69er12/10/2026 · 33 OS↗Sevendcell12/10/2026 · 30 OS↗ITz_SkySovereign12/10/2026 · 35 OS↗Sevendcell12/10/2026 · 30 OS↗Sevendcell12/10/2026 · 30 OS↗Hunfore12/10/2026 · 33 OS↗_Hawkey_12/10/2026 · 65 OS↗XXMACGAMERXX12/10/2026 · 40 OS↗XXMACGAMERXX12/10/2026 · 40 OS↗
Supreme Isthmus v2.1
Beyond All Reason test-31320-e17e8b7
Naval balance tweaks on